Little Stars vs Canucks (R1)

Created - November 8, 2024 at 19:26

Goals
1 2 3 T
Little Stars 0 0 7 7
Canucks 2 5 3 10
Shots
1 2 3 T
Little Stars 9 8 15 32
Canucks 14 16 11 41

1st period

1. Canucks , Curtis Lazar 7 (Nicolas Petan 11) at 9:33
2. Canucks , Ryan Lomberg 8 (Curtis Lazar 7, Guillaume Brisebois 1) at 11:18

Penalties :
Tucker Poolman (Tex) for Tripping (Minor) at 2:39

2nd period

3. Canucks , Mackenzie MacEachern 5 (Juho Lammikko 7, William Lagesson 3) at 1:46
4. Canucks , Ryan Lomberg 9 (Nicolas Petan 12) at 3:41 (PP)
5. Canucks , Trevor Moore 4 (Daniel Zaar 7, William Lockwood 3) at 15:14
6. Canucks , William Lockwood 1 (William Lagesson 4) at 16:13
7. Canucks , Juho Lammikko 5 (Mackenzie MacEachern 3, Dan Renouf 8) at 19:43

Penalties :
Daniel O'regan (Tex) for Tripping (Minor) at 3:35

3rd period

8. Canucks , Curtis Lazar 8 (Dan Renouf 9, Nicolas Petan 13) at 0:15
9. Canucks , Nicolas Petan 5 (Dan Renouf 10) at 1:16 (PP)
10. Little Stars , Cal Burke 2 (Filip Chytil 4) at 2:59
11. Little Stars , Shane Gersich 3 (Daniel O'regan 9) at 4:13
12. Little Stars , Daniel O'regan 6 (Shane Gersich 6, Samuel Girard 8) at 4:30
13. Little Stars , Shane Gersich 4 (Daniel O'regan 10, Samuel Girard 9) at 4:49
14. Little Stars , Matt Luff 5 (Shane Gersich 7, Daniel O'regan 11) at 6:19
15. Little Stars , Jonathan Dahlen 2 (Ville Pokka 2, Jason Dickinson 6) at 10:48
16. Little Stars , Filip Chytil 6 (Samuel Girard 10, Tucker Poolman 3) at 12:31
17. Canucks , Curtis Lazar 9 (Nicolas Petan 14) at 13:51

Penalties :
Shane Gersich (Tex) for High sticking (Minor) at 0:18, Lawrence Pilut (Tex) for Holding (Minor) at 14:47

Goalie Stats

Danil Tarasov (Tex), 23 saves from 29 shots - (0.793), 43:26 minutes
Ilya Konovalov (Tex), 8 saves from 12 shots - (0.667), L, 0-1-0, 16:34 minutes
Casey DeSmith (Abb), 25 saves from 32 shots - (0.781), W, 2-1-2, 60:00 minutes

Players Stats for Little Stars

Player Name              G  A  P  +/- PIM S  H  SB GA TA FO     MP     PP MP  PK MP  
------------------------------------------------------------------------------------
Aidan Mcdonough          0  0  0  -1  0   1  3  0  0  1  0/0     9:29   0:00   0:00 
Cal Burke                1  0  1   1  0   1  1  0  0  0  0/0    11:46   0:00   0:00 
Connor Mackey            0  0  0  -1  0   0  2  3  0  1  0/0    19:45   0:00   2:03 
Daniel O'regan           1  3  4   1  2   6  0  0  0  0  25/49  22:11   0:00   3:10 
Emile Poirier            0  0  0  -2  0   0  1  1  1  0  0/1    17:21   0:00   2:40 
Filip Chytil             1  1  2   1  0   1  2  0  0  0  1/5    12:10   0:00   0:24 
Jason Dickinson          0  1  1  -2  0   0  5  0  0  0  4/10   15:35   0:00   0:57 
Joey Anderson            0  0  0  -1  0   1  1  0  0  0  0/0     9:29   0:00   0:00 
Jonathan Dahlen          1  0  1   1  0   4  2  0  2  0  0/0    12:17   0:00   0:28 
Justin Auger             0  0  0  -2  0   0  0  1  1  0  0/0    14:38   0:00   0:00 
Lawrence Pilut           0  0  0   0  2   0  2  3  0  0  0/0    13:25   0:00   0:51 
Matt Luff                1  0  1   1  0   1  0  1  0  0  1/1    19:02   0:00   0:00 
Radel Fazleev            0  0  0  -1  0   1  1  0  2  0  1/5     9:29   0:00   0:00 
Samuel Girard            0  3  3   0  0   3  0  0  1  2  0/0    29:06   0:00   3:31 
Shane Gersich            2  2  4   1  2   9  0  1  1  1  2/4    21:26   0:00   2:25 
Tucker Poolman           0  1  1   0  2   3  3  3  2  2  0/0    26:51   0:00   2:08 
Victor Soderstrom        0  0  0   0  0   0  0  1  0  2  0/0    11:41   0:00   0:00 
Ville Pokka              0  1  1  -1  0   1  0  2  0  0  0/0    19:13   0:00   1:31 

Players Stats for Canucks

Player Name              G  A  P  +/- PIM S  H  SB GA TA FO     MP     PP MP  PK MP  
------------------------------------------------------------------------------------
Adam Ollas-Mattsson      0  0  0  -1  0   4  4  2  2  2  0/0    30:21   3:22   0:00 
Aleksi Heponiemi         0  0  0  -1  0   1  1  0  1  0  3/5    10:57   0:00   0:00 
Axel Holmstrom           0  0  0   1  0   1  2  0  0  0  8/13   15:34   2:05   0:00 
C.J. Smith               0  0  0   1  0   1  0  0  0  1  0/0     7:32   0:00   0:00 
Curtis Lazar             3  1  4   0  0   9  6  0  1  1  3/5    25:57   2:57   0:00 
Dan Renouf               0  3  3  -1  0   1  0  3  0  0  0/0    30:39   3:22   0:00 
Daniel Zaar              0  1  1   1  0   1  1  0  0  0  0/0    15:34   2:05   0:00 
Daniil Miromanov         0  0  0   2  0   1  3  1  0  0  0/0    19:10   1:40   0:00 
Guillaume Brisebois      0  1  1   0  0   3  2  1  0  1  0/0    10:31   0:00   0:00 
Juho Lammikko            1  1  2  -1  0   1  2  0  1  0  0/0    10:57   0:00   0:00 
Lane Pederson            0  0  0   1  0   1  2  0  1  1  2/3     7:32   0:00   0:00 
Mackenzie MacEachern     1  1  2  -1  0   2  0  0  0  1  0/0    10:57   0:00   0:00 
Nicolas Petan            1  4  5   0  0   2  3  0  0  0  24/44  25:57   2:57   0:00 
Ryan Lomberg             2  0  2   0  0   6  3  3  3  0  1/5    25:57   2:57   0:00 
Trevor Moore             1  0  1   1  0   1  3  1  0  0  0/0    15:34   2:05   0:00 
Will Borgen              0  0  0   0  0   0  2  0  0  1  0/0    10:29   0:00   0:00 
William Lagesson         0  2  2   2  0   1  1  0  0  1  0/0    18:50   1:40   0:00 
William Lockwood         1  1  2   1  0   5  1  0  0  1  0/0     7:32   0:00   0:00 

3 Stars

1 - Curtis Lazar (Abb)
2 - Nicolas Petan (Abb)
3 - Ryan Lomberg (Abb)

Power Play

Little Stars - 0 on 0 Attempt(s) - 0.00%
Canucks - 2 on 4 Attempt(s) - 50.00%

Penalty Kill

Little Stars - 2 on 4 Attempt(s) - 50.00% - Score 0 goal in Penalty Kill
Canucks - 0 on 0 Attempt(s) - 0.00% - Score 0 goal in Penalty Kill

Team Stat

Little Stars - Hits : 23 - Faceoff Wins : 34 - Blocked Shots : 16 - Penalty Minutes : 8
Canucks - Hits : 36 - Faceoff Wins : 41 - Blocked Shots : 11 - Penalty Minutes : 0

Official

Referees : Reid Anderson and Furman South
Linesman : James Tobias and Derek Amell

Game Notes

11:18 of 1st period - Canucks goal is going for a video replay. After video review, Goal.
Ilya Konovalov enters game at 3:41 of 2nd period
Danil Tarasov enters game at 0:15 of 3rd period
1:24 of 3rd period - Little Stars goal is going for a video replay. After video review, No Goal. The attacking player has interfered with a goalkeeper in his goal crease.
Curtis Lazar has scored a Hat Trick!

Finance

Level 1 -- Attendance: 1832 (91.60%) -- Ticket Income $128,240
Level 2 -- Attendance: 952 (95.20%) -- Ticket Income $38,080
Total Attendance: 2784 (92.80%)
Total Ticket Income: $166,320
Other Income: $8,316
Total Income: $174,636

Little Stars

5 vs 5 Forward 
   Center                   Left Wing                Right Wing               Time % Phy DF OF 
 1 Daniel O'regan           Shane Gersich            Matt Luff                40     1   2  2  
 2 Jason Dickinson          Emile Poirier            Justin Auger             30     1   2  2  
 3 Filip Chytil             Jonathan Dahlen          Cal Burke                20     1   2  2  
 4 Radel Fazleev            Aidan Mcdonough          Joey Anderson            10     1   2  2  

5 vs 5 Defense 
   Defense                  Defense                                           Time % Phy DF OF 
 1 Samuel Girard            Tucker Poolman                                    40     1   2  2  
 2 Ville Pokka              Connor Mackey                                     30     1   2  2  
 3 Lawrence Pilut           Victor Soderstrom                                 20     1   2  2  
 4 Samuel Girard            Tucker Poolman                                    10     1   2  2  

PowerPlay Forward 
   Center                   Left Wing                Right Wing               Time % Phy DF OF 
 1 Daniel O'regan           Shane Gersich            Matt Luff                60     0   2  3  
 2 Jason Dickinson          Emile Poirier            Justin Auger             40     0   2  3  

PowerPlay Defense
   Defense                  Defense                                           Time % Phy DF OF 
 1 Samuel Girard            Tucker Poolman                                    60     1   2  2  
 2 Ville Pokka              Connor Mackey                                     40     1   2  2  

Penalty Kill 4 Players Forward 
   Center                   Wing                     Time % Phy DF OF 
 1 Daniel O'regan           Shane Gersich            60     1   2  2  
 2 Jason Dickinson          Emile Poirier            40     1   2  2  

Penalty Kill 4 Players Defense
   Defense                  Defense                  Time % Phy DF OF 
 1 Samuel Girard            Tucker Poolman           60     0   3  2  
 2 Ville Pokka              Connor Mackey            40     0   3  2  

Penalty Kill - 3 Players Forward 
   Forward                                           Time % Phy DF OF 
 1 Daniel O'regan                                    60     1   2  2  
 2 Jason Dickinson                                   40     1   2  2  

Penalty Kill - 3 Players Defense
   Defense                  Defense                  Time % Phy DF OF 
 1 Samuel Girard            Tucker Poolman           60     0   3  2  
 2 Ville Pokka              Connor Mackey            40     0   3  2  

4 vs 4 Forward 
   Center                   Wing                     Time % Phy DF OF 
 1 Daniel O'regan           Shane Gersich            60     0   2  3  
 2 Jason Dickinson          Emile Poirier            40     0   2  3  

4 vs 4 Defense
   Defense                  Defense                  Time % Phy DF OF 
 1 Samuel Girard            Tucker Poolman           60     1   2  2  
 2 Ville Pokka              Connor Mackey            40     1   2  2  

Last Minutes Offensive
   Center                   Left Wing                Right Wing               Defense                  Defense                  
   Daniel O'regan           Shane Gersich            Matt Luff                Samuel Girard            Tucker Poolman           

Last Minutes Defensive
   Center                   Left Wing                Right Wing               Defense                  Defense                  
   Daniel O'regan           Shane Gersich            Matt Luff                Samuel Girard            Tucker Poolman           

Goaltenders
Starting : Danil Tarasov            
Backup : Ilya Konovalov           

Extra Forwards
Normal : Emile Poirier, Justin Auger, Filip Chytil - PP : Emile Poirier, Justin Auger - PK : Emile Poirier
Extra Defensemen
Normal : Connor Mackey, Lawrence Pilut, Victor Soderstrom - PP : Connor Mackey - PK : Connor Mackey, Lawrence Pilut
Penalty Shots
Daniel O'regan, Matt Luff, Shane Gersich, Jason Dickinson, Emile Poirier
Custom OT Lines Forwards
Daniel O'regan, Matt Luff, Shane Gersich, Jason Dickinson, Emile Poirier, Justin Auger, Filip Chytil, Radel Fazleev, Jonathan Dahlen, Aidan Mcdonough
Custom OT Lines Defensemen
Samuel Girard, Tucker Poolman, Ville Pokka, Connor Mackey, Lawrence Pilut

Scratches
Jack McBain (Healthy), Jean-Christophe Beaudin (Healthy), Rudolfs Balcers (Healthy), Yakov Trenin (Healthy), Givani Smith (Healthy)
Blade Jenkins (Healthy), Bulat Shafigullin (Healthy), Rhett Pitlick (Healthy), Michael Giugovaz (Healthy)

Canucks

5 vs 5 Forward 
   Center                   Left Wing                Right Wing               Time % Phy DF OF 
 1 Nicolas Petan            Ryan Lomberg             Curtis Lazar             61     0   0  5  
 2 Axel Holmstrom           Trevor Moore             Daniel Zaar              25     1   2  2  
 3 Aleksi Heponiemi         Mackenzie MacEachern     Juho Lammikko            10     1   2  2  
 4 Lane Pederson            C.J. Smith               William Lockwood         4      1   2  2  

5 vs 5 Defense 
   Defense                  Defense                                           Time % Phy DF OF 
 1 Adam Ollas-Mattsson      Dan Renouf                                        56     1   2  2  
 2 William Lagesson         Daniil Miromanov                                  30     1   2  2  
 3 Guillaume Brisebois      Will Borgen                                       10     1   2  2  
 4 Adam Ollas-Mattsson      Dan Renouf                                        4      1   2  2  

PowerPlay Forward 
   Center                   Left Wing                Right Wing               Time % Phy DF OF 
 1 Nicolas Petan            Ryan Lomberg             Curtis Lazar             60     0   0  5  
 2 Axel Holmstrom           Trevor Moore             Daniel Zaar              40     0   0  5  

PowerPlay Defense
   Defense                  Defense                                           Time % Phy DF OF 
 1 Adam Ollas-Mattsson      Dan Renouf                                        60     0   0  5  
 2 William Lagesson         Daniil Miromanov                                  40     0   0  5  

Penalty Kill 4 Players Forward 
   Center                   Wing                     Time % Phy DF OF 
 1 Nicolas Petan            Ryan Lomberg             60     3   2  0  
 2 Axel Holmstrom           Trevor Moore             40     3   2  0  

Penalty Kill 4 Players Defense
   Defense                  Defense                  Time % Phy DF OF 
 1 Adam Ollas-Mattsson      Dan Renouf               60     2   3  0  
 2 William Lagesson         Daniil Miromanov         40     2   3  0  

Penalty Kill - 3 Players Forward 
   Forward                                           Time % Phy DF OF 
 1 Nicolas Petan                                     60     3   2  0  
 2 Curtis Lazar                                      40     3   2  0  

Penalty Kill - 3 Players Defense
   Defense                  Defense                  Time % Phy DF OF 
 1 Adam Ollas-Mattsson      Dan Renouf               60     3   2  0  
 2 William Lagesson         Daniil Miromanov         40     2   3  0  

4 vs 4 Forward 
   Center                   Wing                     Time % Phy DF OF 
 1 Nicolas Petan            Ryan Lomberg             60     0   0  5  
 2 Axel Holmstrom           Trevor Moore             40     1   2  2  

4 vs 4 Defense
   Defense                  Defense                  Time % Phy DF OF 
 1 Adam Ollas-Mattsson      Dan Renouf               60     1   2  2  
 2 William Lagesson         Daniil Miromanov         40     1   2  2  

Last Minutes Offensive
   Center                   Left Wing                Right Wing               Defense                  Defense                  
   Nicolas Petan            Ryan Lomberg             Curtis Lazar             Adam Ollas-Mattsson      Dan Renouf               

Last Minutes Defensive
   Center                   Left Wing                Right Wing               Defense                  Defense                  
   Nicolas Petan            Ryan Lomberg             Curtis Lazar             Adam Ollas-Mattsson      Dan Renouf               

Goaltenders
Starting : Casey DeSmith            
Backup : Thatcher Demko           

Extra Forwards
Normal : Juho Lammikko, Trevor Moore, Axel Holmstrom - PP : Juho Lammikko, Trevor Moore - PK : Juho Lammikko
Extra Defensemen
Normal : Daniil Miromanov, Guillaume Brisebois, Will Borgen - PP : Daniil Miromanov - PK : Daniil Miromanov, Guillaume Brisebois
Penalty Shots
Curtis Lazar, Daniel Zaar, Ryan Lomberg, Nicolas Petan, Juho Lammikko
Custom OT Lines Forwards
Curtis Lazar, Daniel Zaar, Ryan Lomberg, Nicolas Petan, Juho Lammikko, Trevor Moore, Axel Holmstrom, Mackenzie MacEachern, C.J. Smith, William Lockwood
Custom OT Lines Defensemen
Adam Ollas-Mattsson, Dan Renouf, William Lagesson, Daniil Miromanov, Guillaume Brisebois

Scratches
Charles Hudon (Healthy), Brandon Saigeon (Healthy), Jay O'Brien (Healthy), Jack Rathbone (Healthy), Michael Kesselring (Healthy)
Tobias Lindberg (Healthy), Rasmus Asplund (Healthy), Aku Raty (Healthy), Jake Paterson (Healthy), Marek Langhamer (Healthy)

% Time on Ice - Little Stars

Lines # - Real PCT - Wanted PCT - Time Play
Normal Forward
1 - 35% - 40% - 19:05
2 - 27% - 30% - 14:38
3 - 21% - 20% - 11:46
4 - 17% - 10% - 9:29
Normal Defense
1 - 38% - 40% - 20:54
2 - 32% - 30% - 17:42
3 - 21% - 20% - 11:41
4 - 9% - 10% - 4:41
PP Forward
1 - 0% - 60%
2 - 0% - 40%
PP Defense
1 - 0% - 60%
2 - 0% - 40%
PK Forward
1 - 81% - 60% - 4:05
2 - 19% - 40% - 0:57
PK Defense
1 - 70% - 60% - 3:31
2 - 30% - 40% - 1:31
PK3 Forward
1 - 0% - 60%
2 - 0% - 40%
PK3 Defense
1 - 0% - 60%
2 - 0% - 40%
44 Forward
1 - 0% - 60%
2 - 0% - 40%
44 Defense
1 - 0% - 60%
2 - 0% - 40%
Last Minute Offensive  - 0:00
Last Minute Defensive  - 0:00
Total
Forward - 60:00
Defense - 60:00

% Time on Ice - Canucks

Lines # - Real PCT - Wanted PCT - Time Play
Normal Forward
1 - 42% - 61% - 23:00
2 - 25% - 25% - 13:29
3 - 20% - 10% - 10:57
4 - 14% - 4% - 7:32
Normal Defense
1 - 50% - 56% - 27:19
2 - 31% - 30% - 17:10
3 - 19% - 10% - 10:29
4 - 0% - 4% - 0:00
PP Forward
1 - 59% - 60% - 2:57
2 - 41% - 40% - 2:05
PP Defense
1 - 67% - 60% - 3:22
2 - 33% - 40% - 1:40
PK Forward
1 - 0% - 60%
2 - 0% - 40%
PK Defense
1 - 0% - 60%
2 - 0% - 40%
PK3 Forward
1 - 0% - 60%
2 - 0% - 40%
PK3 Defense
1 - 0% - 60%
2 - 0% - 40%
44 Forward
1 - 0% - 60%
2 - 0% - 40%
44 Defense
1 - 0% - 60%
2 - 0% - 40%
Last Minute Offensive  - 0:00
Last Minute Defensive  - 0:00
Total
Forward - 60:00
Defense - 60:00

Play-by-Play

1st period


0:01 of 1st period - Nicolas Petan wins face-off versus Daniel O'regan in neutral zone.
0:50 of 1st period - Mackenzie MacEachern is hit by Connor Mackey and loses puck.
1:05 of 1st period - Ville Pokka is hit by William Lockwood and loses puck.
1:34 of 1st period - Wrist shot by Ryan Lomberg.
1:34 of 1st period - Shot Misses the Net.
1:36 of 1st period - Slapshot by Nicolas Petan.
1:36 of 1st period - Shot Misses the Net.
1:38 of 1st period - Wrist shot by Dan Renouf.
1:38 of 1st period - Shot Blocked by Connor Mackey.
1:40 of 1st period - Slapshot by Dan Renouf.
1:40 of 1st period - Deflect By Curtis Lazar.
1:40 of 1st period - Shot Misses the Net.
1:40 of 1st period - Puck is out of play.
1:41 of 1st period - Jason Dickinson wins face-off versus Nicolas Petan in Little Stars zone.
1:41 of 1st period - Jason Dickinson is hit by Curtis Lazar.
2:16 of 1st period - Snap shot by Juho Lammikko.
2:16 of 1st period - Shot Blocked by Lawrence Pilut.
2:18 of 1st period - Slapshot by Juho Lammikko.
2:18 of 1st period - Shot Misses the Net.
2:30 of 1st period - Snap shot by Curtis Lazar.
2:30 of 1st period - Shot Blocked by Lawrence Pilut.
2:32 of 1st period - Snap shot by Guillaume Brisebois.
2:32 of 1st period - Shot Blocked by Matt Luff.
2:34 of 1st period - Snap shot by Will Borgen.
2:34 of 1st period - Shot Blocked by Victor Soderstrom.
2:36 of 1st period - Snap shot by Curtis Lazar.
2:36 of 1st period - Stopped by Danil Tarasov without a rebound.
2:37 of 1st period - Filip Chytil wins face-off versus Nicolas Petan in Little Stars zone.
2:39 of 1st period - Minor Penalty to Tucker Poolman for Tripping.
2:40 of 1st period - Daniel O'regan wins face-off versus Curtis Lazar in Little Stars zone.
3:44 of 1st period - Icing by William Lagesson.
3:45 of 1st period - Axel Holmstrom wins face-off versus Jason Dickinson in Canucks zone.
4:39 of 1st period - Penalty to Tucker Poolman is over, Tucker Poolman is back on ice.
5:28 of 1st period - Snap shot by William Lockwood.
5:28 of 1st period - Stopped by Danil Tarasov with a rebound.
5:30 of 1st period - Slapshot by Guillaume Brisebois.
5:30 of 1st period - Deflect By Samuel Girard.
5:30 of 1st period - Stopped by Danil Tarasov with a rebound.
5:32 of 1st period - Wrist shot by Lane Pederson.
5:32 of 1st period - Deflect By William Lockwood.
5:32 of 1st period - Shot Misses the Net.
5:32 of 1st period - Puck is out of play.
5:33 of 1st period - Curtis Lazar wins face-off versus Jason Dickinson in Little Stars zone.
5:42 of 1st period - Snap shot by Ryan Lomberg.
5:42 of 1st period - Shot Misses the Net.
5:44 of 1st period - Wrist shot by Ryan Lomberg.
5:44 of 1st period - Shot Misses the Net.
5:46 of 1st period - Wrist shot by Adam Ollas-Mattsson.
5:46 of 1st period - Deflect By Ryan Lomberg.
5:46 of 1st period - Shot Misses the Net.
5:46 of 1st period - Puck is out of play.
5:47 of 1st period - Daniel O'regan wins face-off versus Nicolas Petan in Little Stars zone.
6:58 of 1st period - Off-side.
6:59 of 1st period - Nicolas Petan wins face-off versus Radel Fazleev in neutral zone.
7:04 of 1st period - Slapshot by Adam Ollas-Mattsson.
7:04 of 1st period - Stopped by Danil Tarasov without a rebound.
7:05 of 1st period - Radel Fazleev wins face-off versus Nicolas Petan in Little Stars zone.
7:14 of 1st period - Slapshot by Samuel Girard.
7:14 of 1st period - Shot Blocked by Dan Renouf.
7:16 of 1st period - Slapshot by Samuel Girard.
7:16 of 1st period - Deflect By Joey Anderson.
7:16 of 1st period - Shot Misses the Net.
7:16 of 1st period - Puck is out of play.
7:17 of 1st period - Nicolas Petan wins face-off versus Daniel O'regan in Canucks zone.
7:22 of 1st period - Matt Luff is hit by Ryan Lomberg and loses puck.
7:43 of 1st period - Adam Ollas-Mattsson is hit by Emile Poirier and loses puck.
7:59 of 1st period - Icing by Tucker Poolman.
8:00 of 1st period - Aleksi Heponiemi wins face-off versus Emile Poirier in Little Stars zone.
8:01 of 1st period - Slapshot by Juho Lammikko.
8:01 of 1st period - Shot Misses the Net.
8:03 of 1st period - Slapshot by Dan Renouf.
8:03 of 1st period - Shot Misses the Net.
8:05 of 1st period - Slapshot by Adam Ollas-Mattsson.
8:05 of 1st period - Shot Misses the Net.
8:33 of 1st period - Snap shot by Shane Gersich.
8:33 of 1st period - Shot Misses the Net.
8:47 of 1st period - William Lagesson is hit by Jonathan Dahlen and loses puck.
8:52 of 1st period - Wrist shot by Jonathan Dahlen.
8:52 of 1st period - Shot Blocked by Daniil Miromanov.
9:27 of 1st period - Snap shot by Curtis Lazar.
9:27 of 1st period - Stopped by Danil Tarasov without a rebound.
9:28 of 1st period - Nicolas Petan wins face-off versus Daniel O'regan in Little Stars zone.
9:33 of 1st period - Snap shot by Curtis Lazar.
9:33 of 1st period - Goal by Curtis Lazar - Little Stars : 0 - Canucks : 1.
9:34 of 1st period - Daniel O'regan wins face-off versus Nicolas Petan in neutral zone.
9:47 of 1st period - Wrist shot by Daniel O'regan.
9:47 of 1st period - Stopped by Casey DeSmith with a rebound.
9:49 of 1st period - Wrist shot by Shane Gersich.
9:49 of 1st period - Stopped by Casey DeSmith with a rebound.
9:59 of 1st period - Samuel Girard is hit by Trevor Moore and loses puck.
10:54 of 1st period - Icing by Nicolas Petan.
10:55 of 1st period - Nicolas Petan wins face-off versus Daniel O'regan in Canucks zone.
11:08 of 1st period - Snap shot by Ryan Lomberg.
11:08 of 1st period - Shot Blocked by Connor Mackey.
11:10 of 1st period - Slapshot by Guillaume Brisebois.
11:10 of 1st period - Stopped by Danil Tarasov with a rebound.
11:12 of 1st period - Wrist shot by Curtis Lazar.
11:12 of 1st period - Shot Blocked by Shane Gersich.
11:14 of 1st period - Slapshot by Ryan Lomberg.
11:14 of 1st period - Shot Misses the Net.
11:16 of 1st period - Slapshot by Curtis Lazar.
11:16 of 1st period - Shot Blocked by Ville Pokka.
11:18 of 1st period - Snap shot by Ryan Lomberg.
11:18 of 1st period - Canucks goal is going for a video replay.
11:18 of 1st period - The goal is good.
11:18 of 1st period - Goal by Ryan Lomberg - Little Stars : 0 - Canucks : 2.
11:19 of 1st period - Daniel O'regan wins face-off versus Nicolas Petan in neutral zone.
11:24 of 1st period - Snap shot by Shane Gersich.
11:24 of 1st period - Stopped by Casey DeSmith without a rebound.
11:25 of 1st period - Shane Gersich wins face-off versus Nicolas Petan in Canucks zone.
11:40 of 1st period - Snap shot by Daniel O'regan.
11:40 of 1st period - Shot Misses the Net.
12:14 of 1st period - Slapshot by William Lockwood.
12:14 of 1st period - Stopped by Danil Tarasov with a rebound.
12:34 of 1st period - Daniel O'regan is hit by Juho Lammikko.
12:44 of 1st period - Slapshot by Mackenzie MacEachern.
12:44 of 1st period - Deflect By Shane Gersich.
12:44 of 1st period - Stopped by Danil Tarasov with a rebound.
13:11 of 1st period - Tucker Poolman is hit by Curtis Lazar and loses puck.
13:20 of 1st period - Wrist shot by Ryan Lomberg.
13:20 of 1st period - Shot Misses the Net.
13:36 of 1st period - Wrist shot by Ryan Lomberg.
13:36 of 1st period - Stopped by Danil Tarasov without a rebound.
13:37 of 1st period - Daniel O'regan wins face-off versus Axel Holmstrom in Little Stars zone.
13:46 of 1st period - Snap shot by Shane Gersich.
13:46 of 1st period - Stopped by Casey DeSmith with a rebound.
14:04 of 1st period - Ville Pokka is hit by Will Borgen and loses puck.
15:10 of 1st period - Adam Ollas-Mattsson is hit by Jason Dickinson and loses puck.
15:31 of 1st period - Snap shot by Mackenzie MacEachern.
15:31 of 1st period - Deflect By Aleksi Heponiemi.
15:31 of 1st period - Stopped by Danil Tarasov with a rebound.
15:33 of 1st period - Slapshot by Adam Ollas-Mattsson.
15:33 of 1st period - Stopped by Danil Tarasov with a rebound.
15:35 of 1st period - Slapshot by Adam Ollas-Mattsson.
15:35 of 1st period - Deflect By Juho Lammikko.
15:35 of 1st period - Shot Misses the Net.
15:35 of 1st period - Puck is out of play.
15:36 of 1st period - Axel Holmstrom wins face-off versus Daniel O'regan in Little Stars zone.
16:01 of 1st period - Tucker Poolman is hit by Daniil Miromanov and loses puck.
16:28 of 1st period - Curtis Lazar is hit by Connor Mackey.
16:32 of 1st period - Ville Pokka is hit by Curtis Lazar and loses puck.
16:53 of 1st period - Snap shot by Shane Gersich.
16:53 of 1st period - Deflect By Daniel O'regan.
16:53 of 1st period - Shot Misses the Net.
16:53 of 1st period - Puck is out of play.
16:54 of 1st period - Daniel O'regan wins face-off versus Nicolas Petan in Canucks zone.
17:05 of 1st period - Wrist shot by Shane Gersich.
17:05 of 1st period - Deflect By Daniel O'regan.
17:05 of 1st period - Stopped by Casey DeSmith with a rebound.
17:30 of 1st period - Slapshot by Samuel Girard.
17:30 of 1st period - Stopped by Casey DeSmith with a rebound.
17:48 of 1st period - Slapshot by Samuel Girard.
17:48 of 1st period - Shot Blocked by Adam Ollas-Mattsson.
17:50 of 1st period - Wrist shot by Jonathan Dahlen.
17:50 of 1st period - Stopped by Casey DeSmith with a rebound.
17:52 of 1st period - Slapshot by Samuel Girard.
17:52 of 1st period - Shot Misses the Net.
17:54 of 1st period - Snap shot by Tucker Poolman.
17:54 of 1st period - Stopped by Casey DeSmith without a rebound.
17:55 of 1st period - Daniel O'regan wins face-off versus Nicolas Petan in Canucks zone.
18:06 of 1st period - Snap shot by Shane Gersich.
18:06 of 1st period - Stopped by Casey DeSmith with a rebound.
18:32 of 1st period - Snap shot by Ryan Lomberg.
18:32 of 1st period - Shot Misses the Net.
18:50 of 1st period - Snap shot by Curtis Lazar.
18:50 of 1st period - Shot Misses the Net.
18:52 of 1st period - Slapshot by Curtis Lazar.
18:52 of 1st period - Stopped by Danil Tarasov with a rebound.
18:54 of 1st period - Wrist shot by Adam Ollas-Mattsson.
18:54 of 1st period - Deflect By Ryan Lomberg.
18:54 of 1st period - Shot Misses the Net.
18:54 of 1st period - Puck is out of play.
18:55 of 1st period - Axel Holmstrom wins face-off versus Daniel O'regan in Little Stars zone.
18:58 of 1st period - Slapshot by Daniel Zaar.
18:58 of 1st period - Shot Blocked by Tucker Poolman.
19:50 of 1st period - Snap shot by Cal Burke.
19:50 of 1st period - Shot Misses the Net.
Goals for this period are 0 for Little Stars vs 2 for Canucks.
Shots for this period are 9 for Little Stars vs 14 for Canucks.

2nd period


0:01 of 2nd period - Nicolas Petan wins face-off versus Daniel O'regan in neutral zone.
0:11 of 2nd period - Icing by Ryan Lomberg.
0:12 of 2nd period - Nicolas Petan wins face-off versus Daniel O'regan in Canucks zone.
0:25 of 2nd period - Samuel Girard is hit by Ryan Lomberg and loses puck.
1:05 of 2nd period - Wrist shot by Curtis Lazar.
1:05 of 2nd period - Stopped by Danil Tarasov with a rebound.
1:07 of 2nd period - Snap shot by Nicolas Petan.
1:07 of 2nd period - Shot Blocked by Tucker Poolman.
1:09 of 2nd period - Backhand shot by Curtis Lazar.
1:09 of 2nd period - Deflect By Filip Chytil.
1:09 of 2nd period - Shot Misses the Net.
1:09 of 2nd period - Puck is out of play.
1:10 of 2nd period - Daniel O'regan wins face-off versus Axel Holmstrom in Little Stars zone.
1:35 of 2nd period - Connor Mackey is hit by William Lagesson and loses puck.
1:46 of 2nd period - Wrist shot by Juho Lammikko.
1:46 of 2nd period - Deflect By Mackenzie MacEachern.
1:46 of 2nd period - Deflect By Emile Poirier.
1:46 of 2nd period - Goal by Mackenzie MacEachern - Little Stars : 0 - Canucks : 3.
1:47 of 2nd period - Daniel O'regan wins face-off versus Nicolas Petan in neutral zone.
2:01 of 2nd period - Slapshot by Shane Gersich.
2:01 of 2nd period - Stopped by Casey DeSmith with a rebound.
2:19 of 2nd period - Wrist shot by Axel Holmstrom.
2:19 of 2nd period - Deflect By Trevor Moore.
2:19 of 2nd period - Shot Misses the Net.
2:19 of 2nd period - Puck is out of play.
2:20 of 2nd period - Axel Holmstrom wins face-off versus Jason Dickinson in Little Stars zone.
2:37 of 2nd period - Justin Auger is hit by Daniil Miromanov.
2:47 of 2nd period - Matt Luff is hit by Ryan Lomberg and loses puck.
3:12 of 2nd period - Slapshot by William Lockwood.
3:12 of 2nd period - Shot Blocked by Connor Mackey.
3:14 of 2nd period - Snap shot by William Lockwood.
3:14 of 2nd period - Stopped by Danil Tarasov with a rebound.
3:16 of 2nd period - Snap shot by C.J. Smith.
3:16 of 2nd period - Stopped by Danil Tarasov without a rebound.
3:17 of 2nd period - Daniel O'regan wins face-off versus Lane Pederson in Little Stars zone.
3:17 of 2nd period - Daniel O'regan is hit by Lane Pederson.
3:33 of 2nd period - Adam Ollas-Mattsson is hit by Tucker Poolman and loses puck.
3:35 of 2nd period - Minor Penalty to Daniel O'regan for Tripping.
3:36 of 2nd period - Nicolas Petan wins face-off versus Shane Gersich in Little Stars zone.
3:39 of 2nd period - Wrist shot by Nicolas Petan.
3:39 of 2nd period - Shot Blocked by Tucker Poolman.
3:41 of 2nd period - Snap shot by Ryan Lomberg.
3:41 of 2nd period - Goal by Ryan Lomberg - Little Stars : 0 - Canucks : 4.
3:41 of 2nd period - Ilya Konovalov enters game.
3:42 of 2nd period - Daniel O'regan wins face-off versus Ryan Lomberg in neutral zone.
3:57 of 2nd period - Slapshot by Curtis Lazar.
3:57 of 2nd period - Stopped by Ilya Konovalov with a rebound.
4:27 of 2nd period - Slapshot by Ryan Lomberg.
4:27 of 2nd period - Shot Misses the Net.
5:08 of 2nd period - Slapshot by Ville Pokka.
5:08 of 2nd period - Stopped by Casey DeSmith with a rebound.
5:49 of 2nd period - Icing by Jonathan Dahlen.
5:50 of 2nd period - Aleksi Heponiemi wins face-off versus Filip Chytil in Little Stars zone.
6:24 of 2nd period - Backhand shot by Ryan Lomberg.
6:24 of 2nd period - Stopped by Ilya Konovalov with a rebound.
8:10 of 2nd period - Jonathan Dahlen is hit by Adam Ollas-Mattsson and loses puck.
8:30 of 2nd period - Joey Anderson is hit by Adam Ollas-Mattsson.
8:34 of 2nd period - Dan Renouf is hit by Lawrence Pilut and loses puck.
8:41 of 2nd period - Aidan Mcdonough is hit by Axel Holmstrom and loses puck.
8:57 of 2nd period - Samuel Girard is hit by Curtis Lazar and loses puck.
9:25 of 2nd period - Dan Renouf is hit by Aidan Mcdonough and loses puck.
9:48 of 2nd period - Joey Anderson is hit by Curtis Lazar.
9:57 of 2nd period - Curtis Lazar is hit by Joey Anderson and loses puck.
10:35 of 2nd period - Aidan Mcdonough is hit by Nicolas Petan and loses puck.
10:51 of 2nd period - Ville Pokka is hit by Nicolas Petan and loses puck.
11:03 of 2nd period - Samuel Girard is hit by Curtis Lazar and loses puck.
11:10 of 2nd period - Guillaume Brisebois is hit by Radel Fazleev and loses puck.
11:23 of 2nd period - Curtis Lazar is hit by Lawrence Pilut and loses puck.
11:32 of 2nd period - Wrist shot by Radel Fazleev.
11:32 of 2nd period - Shot Blocked by Ryan Lomberg.
11:34 of 2nd period - Snap shot by Joey Anderson.
11:34 of 2nd period - Stopped by Casey DeSmith with a rebound.
11:36 of 2nd period - Snap shot by Joey Anderson.
11:36 of 2nd period - Shot Blocked by Guillaume Brisebois.
11:42 of 2nd period - Slapshot by Curtis Lazar.
11:42 of 2nd period - Shot Misses the Net.
11:44 of 2nd period - Slapshot by Guillaume Brisebois.
11:44 of 2nd period - Stopped by Ilya Konovalov with a rebound.
11:46 of 2nd period - Wrist shot by Nicolas Petan.
11:46 of 2nd period - Stopped by Ilya Konovalov without a rebound.
11:47 of 2nd period - Axel Holmstrom wins face-off versus Daniel O'regan in Little Stars zone.
12:02 of 2nd period - Daniel O'regan is hit by Trevor Moore and loses puck.
12:19 of 2nd period - Slapshot by Dan Renouf.
12:19 of 2nd period - Shot Blocked by Justin Auger.
12:21 of 2nd period - Slapshot by Adam Ollas-Mattsson.
12:21 of 2nd period - Stopped by Ilya Konovalov with a rebound.
12:23 of 2nd period - Snap shot by Mackenzie MacEachern.
12:23 of 2nd period - Shot Blocked by Emile Poirier.
13:00 of 2nd period - Wrist shot by Matt Luff.
13:00 of 2nd period - Shot Blocked by Trevor Moore.
13:02 of 2nd period - Wrist shot by Daniel O'regan.
13:02 of 2nd period - Shot Misses the Net.
13:12 of 2nd period - Snap shot by Aleksi Heponiemi.
13:12 of 2nd period - Deflect By Juho Lammikko.
13:12 of 2nd period - Shot Misses the Net.
13:12 of 2nd period - Puck is out of play.
13:13 of 2nd period - Jason Dickinson wins face-off versus Aleksi Heponiemi in Little Stars zone.
13:23 of 2nd period - Slapshot by Samuel Girard.
13:23 of 2nd period - Stopped by Casey DeSmith with a rebound.
13:40 of 2nd period - Lawrence Pilut is hit by Will Borgen and loses puck.
13:55 of 2nd period - Lawrence Pilut is hit by Guillaume Brisebois and loses puck.
14:06 of 2nd period - Will Borgen is hit by Filip Chytil and loses puck.
14:52 of 2nd period - Snap shot by Jonathan Dahlen.
14:52 of 2nd period - Stopped by Casey DeSmith with a rebound.
14:58 of 2nd period - Jonathan Dahlen is hit by Aleksi Heponiemi and loses puck.
15:06 of 2nd period - Icing by Cal Burke.
15:07 of 2nd period - Lane Pederson wins face-off versus Filip Chytil in Little Stars zone.
15:14 of 2nd period - Snap shot by Trevor Moore.
15:14 of 2nd period - Deflect By Cal Burke.
15:14 of 2nd period - Goal by Trevor Moore - Little Stars : 0 - Canucks : 5.
15:15 of 2nd period - Daniel O'regan wins face-off versus Axel Holmstrom in neutral zone.
15:18 of 2nd period - Slapshot by Daniel O'regan.
15:18 of 2nd period - Stopped by Casey DeSmith with a rebound.
15:23 of 2nd period - Off-side.
15:24 of 2nd period - Daniel O'regan wins face-off versus Axel Holmstrom in neutral zone.
15:26 of 2nd period - Off-side.
15:27 of 2nd period - Curtis Lazar wins face-off versus Daniel O'regan in neutral zone.
15:30 of 2nd period - Backhand shot by Nicolas Petan.
15:30 of 2nd period - Shot Misses the Net.
15:38 of 2nd period - Snap shot by Ryan Lomberg.
15:38 of 2nd period - Shot Misses the Net.
15:54 of 2nd period - Dan Renouf is hit by Jason Dickinson and loses puck.
16:11 of 2nd period - Wrist shot by William Lockwood.
16:11 of 2nd period - Stopped by Ilya Konovalov with a rebound.
16:13 of 2nd period - Snap shot by William Lockwood.
16:13 of 2nd period - Goal by William Lockwood - Little Stars : 0 - Canucks : 6.
16:14 of 2nd period - Daniel O'regan wins face-off versus Curtis Lazar in neutral zone.
16:28 of 2nd period - Snap shot by Ryan Lomberg.
16:28 of 2nd period - Stopped by Ilya Konovalov with a rebound.
16:30 of 2nd period - Wrist shot by Curtis Lazar.
16:30 of 2nd period - Shot Misses the Net.
16:48 of 2nd period - Snap shot by Jason Dickinson.
16:48 of 2nd period - Shot Misses the Net.
17:45 of 2nd period - Samuel Girard is hit by Lane Pederson and loses puck.
18:12 of 2nd period - Icing by Trevor Moore.
18:13 of 2nd period - Jason Dickinson wins face-off versus Axel Holmstrom in Canucks zone.
18:34 of 2nd period - Snap shot by Trevor Moore.
18:34 of 2nd period - Deflect By Daniel Zaar.
18:34 of 2nd period - Shot Misses the Net.
18:34 of 2nd period - Puck is out of play.
18:35 of 2nd period - Daniel O'regan wins face-off versus Ryan Lomberg in Little Stars zone.
19:00 of 2nd period - Samuel Girard is hit by Daniel Zaar and loses puck.
19:07 of 2nd period - Snap shot by Axel Holmstrom.
19:07 of 2nd period - Stopped by Ilya Konovalov with a rebound.
19:25 of 2nd period - Snap shot by Radel Fazleev.
19:25 of 2nd period - Deflect By Aidan Mcdonough.
19:25 of 2nd period - Stopped by Casey DeSmith without a rebound.
19:26 of 2nd period - Aleksi Heponiemi wins face-off versus Radel Fazleev in Canucks zone.
19:43 of 2nd period - Slapshot by Juho Lammikko.
19:43 of 2nd period - Goal by Juho Lammikko - Little Stars : 0 - Canucks : 7.
19:44 of 2nd period - Nicolas Petan wins face-off versus Daniel O'regan in neutral zone.
19:53 of 2nd period - Snap shot by Matt Luff.
19:53 of 2nd period - Shot Blocked by Adam Ollas-Mattsson.
19:55 of 2nd period - Slapshot by Tucker Poolman.
19:55 of 2nd period - Stopped by Casey DeSmith without a rebound.
19:56 of 2nd period - Nicolas Petan wins face-off versus Daniel O'regan in Canucks zone.
Goals for this period are 0 for Little Stars vs 5 for Canucks.
Shots for this period are 8 for Little Stars vs 16 for Canucks.

3rd period


0:01 of 3rd period - Matt Luff wins face-off versus Nicolas Petan in neutral zone.
0:06 of 3rd period - Snap shot by Matt Luff.
0:06 of 3rd period - Deflect By Shane Gersich.
0:06 of 3rd period - Shot Misses the Net.
0:06 of 3rd period - Puck is out of play.
0:07 of 3rd period - Nicolas Petan wins face-off versus Daniel O'regan in Canucks zone.
0:07 of 3rd period - Nicolas Petan is hit by Tucker Poolman.
0:15 of 3rd period - Slapshot by Curtis Lazar.
0:15 of 3rd period - Goal by Curtis Lazar - Little Stars : 0 - Canucks : 8.
0:15 of 3rd period - Danil Tarasov enters game.
0:16 of 3rd period - Daniel O'regan wins face-off versus Nicolas Petan in neutral zone.
0:18 of 3rd period - Minor Penalty to Shane Gersich for High sticking.
0:19 of 3rd period - Nicolas Petan wins face-off versus Daniel O'regan in Little Stars zone.
0:51 of 3rd period - Slapshot by Daniel Zaar.
0:51 of 3rd period - Stopped by Danil Tarasov without a rebound.
0:52 of 3rd period - Axel Holmstrom wins face-off versus Daniel O'regan in Little Stars zone.
0:57 of 3rd period - Snap shot by Daniel Zaar.
0:57 of 3rd period - Shot Misses the Net.
0:59 of 3rd period - Slapshot by William Lagesson.
0:59 of 3rd period - Stopped by Danil Tarasov without a rebound.
1:00 of 3rd period - Daniel O'regan wins face-off versus Nicolas Petan in Little Stars zone.
1:08 of 3rd period - Off-side.
1:09 of 3rd period - Nicolas Petan wins face-off versus Daniel O'regan in neutral zone.
1:12 of 3rd period - Backhand shot by Dan Renouf.
1:12 of 3rd period - Deflect By Tucker Poolman.
1:12 of 3rd period - Stopped by Danil Tarasov with a rebound.
1:14 of 3rd period - Snap shot by Nicolas Petan.
1:14 of 3rd period - Shot Misses the Net.
1:16 of 3rd period - Snap shot by Nicolas Petan.
1:16 of 3rd period - Goal by Nicolas Petan - Little Stars : 0 - Canucks : 9.
1:17 of 3rd period - Daniel O'regan wins face-off versus Nicolas Petan in neutral zone.
1:20 of 3rd period - Wrist shot by Shane Gersich.
1:20 of 3rd period - Shot Misses the Net.
1:22 of 3rd period - Slapshot by Tucker Poolman.
1:22 of 3rd period - Shot Blocked by Ryan Lomberg.
1:24 of 3rd period - Snap shot by Daniel O'regan.
1:24 of 3rd period - Little Stars goal is going for a video replay.
1:24 of 3rd period - The goal is refused. The attacking player has interfered with a goalkeeper in his goal crease..
1:25 of 3rd period - Ryan Lomberg wins face-off versus Daniel O'regan in Canucks zone.
1:46 of 3rd period - Slapshot by Samuel Girard.
1:46 of 3rd period - Shot Blocked by Ryan Lomberg.
1:48 of 3rd period - Slapshot by Samuel Girard.
1:48 of 3rd period - Shot Blocked by Dan Renouf.
1:50 of 3rd period - Snap shot by Shane Gersich.
1:50 of 3rd period - Shot Misses the Net.
1:52 of 3rd period - Wrist shot by Shane Gersich.
1:52 of 3rd period - Stopped by Casey DeSmith with a rebound.
2:00 of 3rd period - Snap shot by Daniel O'regan.
2:00 of 3rd period - Shot Misses the Net.
2:02 of 3rd period - Snap shot by Shane Gersich.
2:02 of 3rd period - Shot Misses the Net.
2:04 of 3rd period - Slapshot by Tucker Poolman.
2:04 of 3rd period - Shot Misses the Net.
2:10 of 3rd period - Snap shot by Shane Gersich.
2:10 of 3rd period - Shot Misses the Net.
2:22 of 3rd period - Wrist shot by Daniel O'regan.
2:22 of 3rd period - Shot Misses the Net.
2:24 of 3rd period - Wrist shot by Tucker Poolman.
2:24 of 3rd period - Deflect By Nicolas Petan.
2:24 of 3rd period - Stopped by Casey DeSmith without a rebound.
2:25 of 3rd period - Axel Holmstrom wins face-off versus Jason Dickinson in Canucks zone.
2:25 of 3rd period - Axel Holmstrom is hit by Jason Dickinson.
2:37 of 3rd period - Wrist shot by Jason Dickinson.
2:37 of 3rd period - Shot Hit the Post.
2:59 of 3rd period - Snap shot by Cal Burke.
2:59 of 3rd period - Goal by Cal Burke - Little Stars : 1 - Canucks : 9.
3:00 of 3rd period - Nicolas Petan wins face-off versus Jason Dickinson in neutral zone.
3:52 of 3rd period - Snap shot by Jonathan Dahlen.
3:52 of 3rd period - Stopped by Casey DeSmith without a rebound.
3:53 of 3rd period - Nicolas Petan wins face-off versus Filip Chytil in Canucks zone.
4:09 of 3rd period - Off-side.
4:10 of 3rd period - Shane Gersich wins face-off versus Nicolas Petan in neutral zone.
4:13 of 3rd period - Backhand shot by Daniel O'regan.
4:13 of 3rd period - Deflect By Shane Gersich.
4:13 of 3rd period - Goal by Shane Gersich - Little Stars : 2 - Canucks : 9.
4:14 of 3rd period - Daniel O'regan wins face-off versus Nicolas Petan in neutral zone.
4:30 of 3rd period - Snap shot by Daniel O'regan.
4:30 of 3rd period - Goal by Daniel O'regan - Little Stars : 3 - Canucks : 9.
4:31 of 3rd period - Nicolas Petan wins face-off versus Daniel O'regan in neutral zone.
4:39 of 3rd period - Icing by Daniel O'regan.
4:40 of 3rd period - Daniel O'regan wins face-off versus Nicolas Petan in Little Stars zone.
4:49 of 3rd period - Wrist shot by Shane Gersich.
4:49 of 3rd period - Goal by Shane Gersich - Little Stars : 4 - Canucks : 9.
4:50 of 3rd period - Nicolas Petan wins face-off versus Jason Dickinson in neutral zone.
4:50 of 3rd period - Nicolas Petan is hit by Jason Dickinson.
4:56 of 3rd period - Tucker Poolman is hit by Adam Ollas-Mattsson and loses puck.
5:15 of 3rd period - Adam Ollas-Mattsson is hit by Tucker Poolman and loses puck.
5:36 of 3rd period - Daniil Miromanov is hit by Filip Chytil and loses puck.
6:03 of 3rd period - Wrist shot by Ryan Lomberg.
6:03 of 3rd period - Stopped by Danil Tarasov without a rebound.
6:04 of 3rd period - Daniel O'regan wins face-off versus Nicolas Petan in Little Stars zone.
6:17 of 3rd period - Slapshot by Shane Gersich.
6:17 of 3rd period - Shot Misses the Net.
6:19 of 3rd period - Snap shot by Matt Luff.
6:19 of 3rd period - Goal by Matt Luff - Little Stars : 5 - Canucks : 9.
6:20 of 3rd period - Jason Dickinson wins face-off versus Ryan Lomberg in neutral zone.
6:47 of 3rd period - Tucker Poolman is hit by Trevor Moore and loses puck.
7:08 of 3rd period - Snap shot by Mackenzie MacEachern.
7:08 of 3rd period - Shot Misses the Net.
7:16 of 3rd period - Adam Ollas-Mattsson is hit by Cal Burke and loses puck.
7:29 of 3rd period - Slapshot by Adam Ollas-Mattsson.
7:29 of 3rd period - Deflect By William Lockwood.
7:29 of 3rd period - Shot Blocked by Lawrence Pilut.
7:29 of 3rd period - Puck is out of play.
7:30 of 3rd period - Lane Pederson wins face-off versus Radel Fazleev in Little Stars zone.
7:55 of 3rd period - Justin Auger is hit by Daniil Miromanov.
8:04 of 3rd period - Off-side.
8:05 of 3rd period - Daniel O'regan wins face-off versus Nicolas Petan in neutral zone.
8:41 of 3rd period - Off-side.
8:42 of 3rd period - Daniel O'regan wins face-off versus Aleksi Heponiemi in neutral zone.
8:49 of 3rd period - Wrist shot by Shane Gersich.
8:49 of 3rd period - Shot Blocked by Dan Renouf.
9:07 of 3rd period - Dan Renouf is hit by Jason Dickinson.
9:57 of 3rd period - Snap shot by Lane Pederson.
9:57 of 3rd period - Stopped by Danil Tarasov with a rebound.
9:59 of 3rd period - Slapshot by Daniil Miromanov.
9:59 of 3rd period - Stopped by Danil Tarasov without a rebound.
10:00 of 3rd period - Nicolas Petan wins face-off versus Shane Gersich in Little Stars zone.
10:34 of 3rd period - Snap shot by Jason Dickinson.
10:34 of 3rd period - Shot Misses the Net.
10:48 of 3rd period - Wrist shot by Jonathan Dahlen.
10:48 of 3rd period - Goal by Jonathan Dahlen - Little Stars : 6 - Canucks : 9.
10:49 of 3rd period - Daniel O'regan wins face-off versus Ryan Lomberg in neutral zone.
10:52 of 3rd period - Slapshot by Samuel Girard.
10:52 of 3rd period - Deflect By Shane Gersich.
10:52 of 3rd period - Stopped by Casey DeSmith with a rebound.
10:54 of 3rd period - Snap shot by Daniel O'regan.
10:54 of 3rd period - Stopped by Casey DeSmith without a rebound.
10:55 of 3rd period - Nicolas Petan wins face-off versus Daniel O'regan in Canucks zone.
10:59 of 3rd period - Off-side.
11:00 of 3rd period - Daniel O'regan wins face-off versus Nicolas Petan in neutral zone.
11:03 of 3rd period - Snap shot by Shane Gersich.
11:03 of 3rd period - Shot Misses the Net.
11:27 of 3rd period - Justin Auger is hit by Adam Ollas-Mattsson and loses puck.
12:04 of 3rd period - Tucker Poolman is hit by Juho Lammikko and loses puck.
12:21 of 3rd period - Wrist shot by Jonathan Dahlen.
12:21 of 3rd period - Shot Misses the Net.
12:27 of 3rd period - Wrist shot by Filip Chytil.
12:27 of 3rd period - Shot Misses the Net.
12:29 of 3rd period - Slapshot by Samuel Girard.
12:29 of 3rd period - Stopped by Casey DeSmith with a rebound.
12:31 of 3rd period - Snap shot by Filip Chytil.
12:31 of 3rd period - Goal by Filip Chytil - Little Stars : 7 - Canucks : 9.
12:32 of 3rd period - Nicolas Petan wins face-off versus Daniel O'regan in neutral zone.
13:20 of 3rd period - Wrist shot by Radel Fazleev.
13:20 of 3rd period - Stopped by Casey DeSmith with a rebound.
13:26 of 3rd period - Guillaume Brisebois is hit by Aidan Mcdonough and loses puck.
13:49 of 3rd period - Icing by Ville Pokka.
13:50 of 3rd period - Nicolas Petan wins face-off versus Filip Chytil in Little Stars zone.
13:51 of 3rd period - Snap shot by Curtis Lazar.
13:51 of 3rd period - Goal by Curtis Lazar - Little Stars : 7 - Canucks : 10.
13:52 of 3rd period - Nicolas Petan wins face-off versus Daniel O'regan in neutral zone.
14:17 of 3rd period - Samuel Girard is hit by Axel Holmstrom and loses puck.
14:38 of 3rd period - Snap shot by Juho Lammikko.
14:38 of 3rd period - Shot Blocked by Ville Pokka.
14:40 of 3rd period - Slapshot by Dan Renouf.
14:40 of 3rd period - Shot Misses the Net.
14:42 of 3rd period - Slapshot by Adam Ollas-Mattsson.
14:42 of 3rd period - Stopped by Danil Tarasov without a rebound.
14:43 of 3rd period - Nicolas Petan wins face-off versus Daniel O'regan in Little Stars zone.
14:47 of 3rd period - Minor Penalty to Lawrence Pilut for Holding.
14:48 of 3rd period - Nicolas Petan wins face-off versus Daniel O'regan in Little Stars zone.
14:52 of 3rd period - Snap shot by Curtis Lazar.
14:52 of 3rd period - Stopped by Danil Tarasov without a rebound.
14:53 of 3rd period - Curtis Lazar wins face-off versus Daniel O'regan in Little Stars zone.
15:48 of 3rd period - Curtis Lazar is hit by Jonathan Dahlen and loses puck.
16:46 of 3rd period - Icing by Dan Renouf.
16:47 of 3rd period - Penalty to Lawrence Pilut is over, Lawrence Pilut is back on ice.
16:47 of 3rd period - Axel Holmstrom wins face-off versus Radel Fazleev in Canucks zone.
16:47 of 3rd period - Axel Holmstrom is hit by Aidan Mcdonough.
18:22 of 3rd period - Wrist shot by Mackenzie MacEachern.
18:22 of 3rd period - Shot Hit the Post.
19:00 of 3rd period - Ville Pokka is hit by Guillaume Brisebois and loses puck.
19:49 of 3rd period - Victor Soderstrom is hit by Nicolas Petan.
Goals for this period are 7 for Little Stars vs 3 for Canucks.
Shots for this period are 15 for Little Stars vs 11 for Canucks.